 Dungeon Crawl Stone Soup version 0.30-a0-793-g160f7cfddd (webtiles) character file.

Game seed: 5028922570033023486

1930 sasquatch the Blocker (level 9, -7/60 (64) HPs)
             Began as a Formicid Fighter on Feb 20, 2023.
             Was an Initiate of Makhleb.
             Mangled by a wight
             ... wielding a +6 flail
              (14 damage)
             ... on level 6 of the Dungeon.
             The game lasted 00:10:44 (5408 turns).

sasquatch the Blocker (Formicid Fighter)            Turns: 5408, Time: 00:10:44

HP:   -7/60 (64)    AC: 10    Str: 25    XL:     9   Next: 40%
MP:   9/9           EV:  9    Int:  8    God:    Makhleb [......]
Gold: 353           SH:  6    Dex: 13    Spells: 8/8 levels left

rFire   . . .      SeeInvis +    j - +2 hand axe (venom)
rCold   . . .      Faith    .    c - +0 buckler
rNeg    . . .      Spirit   .    b - +0 scale mail
rPois   .          Reflect  .    (helmet unavailable)
rElec   .          Harm     .    (no cloak)
rCorr   .          Rampage  .    (no gloves)
Will    .....                    (no boots) Stlth
                                 (no amulet)
HPRegen 0.30/turn                o - +4 ring of protection
MPRegen 0.11/turn                (no ring)

@: drained
A: permanent stasis, dig shafts and tunnels, antennae 3, four strong arms
a: Dig, Shaft Self, Renounce Religion


You were on level 6 of the Dungeon.
You worshipped Makhleb.
Makhleb was noncommittal.
You visited 2 branches of the dungeon, and saw 7 of its levels.

You collected 353 gold pieces.

Inventory:

Hand Weapons
 a - a +0 flail
 j - a +2 hand axe of venom (weapon)
 B - a +0 battleaxe of flaming
Missiles
 n - 10 poisoned darts (quivered)
Armour
 b - a +0 scale mail (worn)
 c - a +0 buckler (worn)
 t - a +0 chain mail
Jewellery
 o - a +4 ring of protection (left hand)
 r - a ring of ice
Scrolls
 g - 2 scrolls of noise {unknown}
 i - 10 scrolls of identify {unknown}
 k - 2 scrolls of fog {unknown}
 s - 2 scrolls of amnesia {unknown}
 u - a scroll of enchant armour {unknown}
 y - a scroll of vulnerability {unknown}
 z - a scroll of teleportation {unknown}
 A - a scroll of enchant weapon {unknown}
Potions
 d - 2 potions of might
 e - 2 potions of curing {unknown}
 f - 2 potions of cancellation {unknown}
 h - a potion of heal wounds
 l - 3 potions of degeneration {unknown}
 m - a potion of magic {unknown}
 p - 2 potions of flight {unknown}
 q - 2 potions of berserk rage {unknown}
 v - a potion of lignification {unknown}
 w - a potion of attraction {unknown}
 x - a potion of haste {unknown}


   Skills:
 - Level 3.2 Fighting
 * Level 9.1(9.4) Axes
 - Level 3.2(6.6) Maces & Flails
 - Level 3.2 Armour
 + Level 9.6 Shields


You had 8 spell levels left.
You didn't know any spells.
Your spell library contained the following spells:

 Spells                   Type           Power      Damage    Failure   Level
 Lesser Beckoning         Tloc           0%         N/A       87%         2
 Momentum Strike          Conj/Tloc      0%         3d8       87%         2
 Hailstorm                Conj/Ice       0%         3d3       98%         3
 Ice Form                 Ice/Tmut       0%         N/A       100%        4
 Simulacrum               Ice/Necr       0%         N/A       100%        6
 Blink                    Tloc           Unusable   N/A       N/A         2

Dungeon Overview and Level Annotations

Branches:
Dungeon (6/15)             Temple (1/1) D:5

Altars:
Ashenzari
Cheibriados
Dithmenos
Elyvilon
Fedhas
Makhleb
Nemelex Xobeh
Okawaru
Ru
Sif Muna
Trog
Wu Jian
Xom
Zin

Annotations:
D:4 1 runed translucent door, mandoloar's ghost, amateur GnCj


Innate Abilities, Weirdness & Mutations

You cannot be hasted, slowed, berserked, paralysed or teleported.
You can dig through walls and to a lower floor.
You have a pair of large antennae on your head. (SInv)
Your four strong arms can wield two-handed weapons with a shield.


Message History

You destroy the wight!
Makhleb accepts your kill. The wight barely misses you.
You slash the orc!
You kill the orc!
Makhleb accepts your kill. You block the wight's attack.
The wight hits you with a +6 flail. You block the wight's attack.
Items here: )) [ ††.
You hit the wight but do no damage. You barely miss the wight.
You block the wight's attack. x2
You closely miss the wight. You hit the wight but do no damage.
You block the wight's attack. The wight closely misses you.
You hit the wight but do no damage. You barely miss the wight.
The wight hits you but does no damage. The wight hits you with a +6 flail!
The wight barely misses you.
You slash the wight!
The wight is severely damaged.
You closely miss the wight.
The wight is severely damaged.
The wight hits you but does no damage. The wight misses you.
You closely miss the wight.
The wight is severely damaged.
The wight hits you from afar with a +0 halberd!
The wight hits you with a +6 flail!
You feel drained.
You are too injured to fight recklessly!
You are too injured to fight recklessly!
You are too injured to fight recklessly!
You are too injured to fight recklessly!
You hit the wight but do no damage.
The wight is severely damaged.
The wight hits you with a +6 flail!
* * * LOW HITPOINT WARNING * * *
You block the wight's attack.
You closely miss the wight.
The wight is severely damaged.
The wight hits you from afar with a +0 halberd!
* * * LOW HITPOINT WARNING * * *
You feel drained. The wight hits you with a +6 flail!
You die...

...###.#....#### #.#
#.# .....>...##.#
#.# #)#
#.##...#.##.# #.#
#.# ###....#.######
#.# #.#
###..)......#
#.####.####
##.####.#.###
#.........# .#
#.....###.........#
# .#
###.#.............#
#.## ...#
#@#####........... #
.. .# #z#
#.........## # #. .#
#z# #.........# #
#.## .# #..#
#.........# #
#..##.# .:.#
#........... #.#..#
##......
..........##
####...###...$###...
..........
..........z### ....
###.#.###### .....


You could see 2 wights.

Vanquished Creatures
  Sigmund (D:2)
  A water moccasin (D:5)
  A black bear (D:5)
  A sky beast (D:6)
  An ice beast (D:6)
  2 ogres
  A phantom (D:6)
  2 scorpions
  5 wights
  A necrophage (D:5)
  3 hounds
  2 jellies
  3 orc priests
  2 iguanas (D:5)
  Terence (D:2)
  Natasha (thrice) (D:2)
  2 orc wizards (D:4)
  4 gnolls (D:4)
  8 adders
  2 shadow imps
  4 white imps (D:5)
  2 ufetubi
  4 dart slugs
  10 orcs
  15 endoplasms
  4 giant cockroaches
  4 goblins
  10 hobgoblins
  14 jackals
  4 ball pythons
  6 bats
  3 frilled lizards
  13 kobolds
  8 rats
147 creatures vanquished.

Vanquished Creatures (others)
  14 toadstools (D:1)
14 creatures vanquished.

Grand Total: 161 creatures vanquished

Notes
Turn   | Place    | Note
-------+----------+-------------------------------------------
     0 | D:1      | sasquatch the Formicid Fighter began the quest for the Orb.
     0 | D:1      | Reached XP level 1. HP: 18/18 MP: 1/1
   119 | D:1      | Reached XP level 2. HP: 24/24 MP: 2/2
   244 | D:1      | Reached XP level 3. HP: 24/29 MP: 3/3
   766 | D:1      | Reached XP level 4. HP: 35/35 MP: 4/4
   903 | D:2      | Reached skill level 1 in Axes
  1070 | D:2      | Noticed Terence
  1081 | D:2      | Killed Terence
  1082 | D:2      | Reached skill level 5 in Shields
  1178 | D:2      | Noticed Natasha
  1186 | D:2      | Killed Natasha
  1187 | D:2      | Reached XP level 5. HP: 29/41 MP: 5/5
  1253 | D:2      | Noticed Sigmund
  1270 | D:2      | Killed Sigmund
  1271 | D:2      | Reached XP level 6. HP: 45/47 MP: 6/6
  1445 | D:2      | Noticed Natasha
  1451 | D:2      | Killed Natasha
  1545 | D:2      | Noticed Natasha
  1553 | D:2      | Killed Natasha
  1649 | D:3      | Found a shimmering altar of Xom.
  2141 | D:3      | Reached XP level 7. HP: 49/52 MP: 7/7
  2700 | D:4      | Reached skill level 5 in Axes
  3496 | D:4      | Found a runed translucent door.
  3497 | D:4      | Noticed mandoloar's ghost (amateur GnCj)
  3519 | D:5      | Entered Level 5 of the Dungeon
  3632 | D:5      | Reached XP level 8. HP: 44/58 MP: 8/8
  3713 | D:5      | Found a staircase to the Ecumenical Temple.
  3780 | Temple   | Entered the Ecumenical Temple
  3869 | Temple   | Became a worshipper of Makhleb the Destroyer
  3912 | D:5      | Found a snail-covered altar of Cheibriados.
  4539 | D:5      | Reached XP level 9. HP: 15/56 MP: 9/9
  5140 | D:6      | HP: 1/60 [wight/+0 battleaxe of flaming (5)]
  5408 | D:6      | Mangled by a wight

Illustrated notes

Levels and vault maps discovered:
D:1:      nagdon_arrival_zigzag_paths, layout_basic, minmay_heptomino_l4
D:2:      layout_basic, uniq_natasha, uniq_terence, uniq_sigmund
D:3:      layout_basic, mainiacjoe_overflow_tiny_flanked
D:4:      layout_cave_pods, ebering_ghost_sewer_f, grunt_ministairs_13
D:5:      lemuel_ice_spiral_2, layout_rooms, lemuel_tele_altar,
          temple_fountains, grunt_tough_drop
D:6:      layout_rooms, uniq_menkaure
Temple:   nicolae_temple_ecumenical_triangle

Skill      XL: |  1  2  3  4  5  6  7  8  9 |
---------------+----------------------------+-----
Maces & Flails | 3 |  3.2
Axes           | 2 3 4 6 8 9 |  9.1
Shields        | 5 6 7 8 9 |  9.6
Fighting       | |  3.2
Armour         | |  3.2

Action                     |  1- 3 |  4- 6 |  7- 9 || total
---------------------------+-------+-------+-------++-------
  Melee: Flail             |   122 |       |       ||   122
         Hand axe          |    17 |    99 |   265 ||   381
  Throw: Dart              |       |       |     8 ||     8
Ability: Dig               |       |       |     1 ||     1
 Armour: Scale mail        |    55 |    32 |    78 ||   165
  Dodge: Dodged            |    73 |    31 |    74 ||   178
  Block: Buckler           |    33 |    20 |    56 ||   109

Table legend: (Time is in decaauts)
 A = Elapsed time spent in this place.
 B = Non-inter-level travel time spent in this place.
 C = Inter-level travel time spent in this place.
 D = Time resting spent in this place.
 E = Time spent auto-exploring this place.
 F = Levels seen in this place.
 G = Mean time per level.
                   A        B        C        D        E       F      G
               +--------+--------+--------+--------+--------+-----+--------+
         Total |   5453 |   5238 |    215 |    445 |   3513 |   7 |  779.0 |
       Dungeon |   5358 |   5170 |    188 |    445 |   3452 |   6 |  893.0 |
        Temple |     94 |     67 |     27 |      0 |     61 |   1 |   94.0 |
               +--------+--------+--------+--------+--------+-----+--------+

Top non-repeatable levels by time:
     D:3: 1032 daAuts
     D:5: 1024 daAuts
     D:1: 886 daAuts
     D:4: 861 daAuts
     D:2: 792 daAuts
     D:6: 760 daAuts
  Temple: 94 daAuts
